 Dungeon Crawl Stone Soup version 0.27-a0-898-g810843a28d (webtiles) character file.

Game seed: 2955566832262695960

26439 Lanoc the Scorcher (level 12, -2/97 HPs)
             Began as a Pale Draconian Fire Elementalist on Apr 5, 2021.
             Was a High Priest of Vehumet.
             Slain by a sixfirhy (9 damage)
             ... summoned by an orc sorcerer
             ... led by an orc knight
             ... on level 1 of the Orcish Mines.
             The game lasted 00:36:17 (18205 turns).

Lanoc the Scorcher (DrFE)                          Turns: 18205, Time: 00:36:17

Health: -2/97      AC:  8    Str: 10    XL:     12   Next: 98%
Magic:  8/15       EV: 18    Int: 22    God:    Vehumet [*****.]
Gold:   380        SH:  0    Dex: 17    Spells: 5/15 levels left

rFire    . . .     SeeInvis .   b - staff of conjuration
rCold    . . .     Faith    .   (no shield)
rNeg     . . .     Spirit   .   (armour unavailable)
rPois    .         Reflect  .   (helmet restricted)
rElec    .         Harm     .   (no cloak)
rCorr    .         Rampage  .   (no gloves)
Will     .....                  (no boots)
Stlth    ++........             (no amulet)
HPRegen  0.26/turn              h - +6 ring of dexterity
MPRegen  0.14/turn              B - ring of wizardry

@: flying, hasted, very quick
A: breathe steam, AC +8, unfitting armour, cold-blooded, steam resistance
a: Breathe Steam, Renounce Religion


You were on level 1 of the Orcish Mines.
You worshipped Vehumet.
Vehumet was extremely pleased with you.
You visited 3 branches of the dungeon, and saw 15 of its levels.
You also visited: Sewer and Bailey.

You collected 1454 gold pieces.
You spent 1074 gold pieces at shops.

Inventory:

Hand Weapons
 L - a +1 long sword of flaming
Missiles
 s - 5 boomerangs of dispersal
Magical Staves
 b - a staff of conjuration (weapon)
Jewellery
 h - a +6 ring of dexterity (left hand)
 i - a ring of poison resistance
 j - a ring of willpower
 l - a ring of positive energy
 B - a ring of wizardry (right hand)
Wands
 z - a wand of flame (16)
 C - a wand of charming (8)
 D - a wand of iceblast (4)
 E - a wand of paralysis (4)
Scrolls
 f - 9 scrolls of teleportation
 n - a scroll of amnesia
 o - 4 scrolls of enchant armour
 p - 2 scrolls of blinking
 q - 4 scrolls of enchant weapon
 r - 6 scrolls of magic mapping
 u - a scroll of fog
 w - 4 scrolls of immolation
 A - a scroll of fear
Potions
 c - a potion of ambrosia
 d - 9 potions of curing
 e - 4 potions of heal wounds
 g - 3 potions of attraction
 k - 4 potions of haste
 m - 2 potions of flight
 t - 6 potions of brilliance
 F - a potion of experience {unknown}
 G - a potion of invisibility {unknown}
 I - a potion of lignification
 J - a potion of resistance
Miscellaneous
 v - a condenser vane (inert)
 x - a tin of tremorstones (2/2)
 y - a lightning rod (4/4)
 H - a phantom mirror
 K - a phial of floods


   Skills:
 + Level 6.3 Fighting
 + Level 10.3 Dodging
 - Level 1.7 Stealth
 - Level 2.0 Spellcasting
 + Level 10.0 Conjurations
 * Level 16.2 Fire Magic


You had 5 spell levels left.
You knew the following spells:

 Your Spells              Type           Power      Damage    Failure   Level
a - Sticky Flame          Conj/Fire      74%        2d9       1%          4
b - Foxfire               Conj/Fire      100%       2x1d9     1%          1
c - Fireball              Conj/Fire      37%        3d15      1%          5

Your spell library contained the following spells:

 Spells                   Type           Power      Damage    Failure   Level
 Lee's Rapid Deconstruct  Erth           1%         3d5*      34%         5
 Shock                    Conj/Air       100%       1d9       1%          1
 Conjure Flame            Conj/Fire      74%        6-21      1%          3
 Inner Flame              Hex/Fire       37%        N/A       1%          3
 Static Discharge         Conj/Air       36%        N/A       1%          3
 Lightning Bolt           Conj/Air       18%        1d32      5%          5
 Apportation              Tloc           4%         N/A       6%          1
 Corona                   Hex            2%         N/A       6%          1
 Slow                     Hex            2%         N/A       9%          2
 Swiftness                Air            2%         N/A       9%          2
 Airstrike                Air            1%         N/A       14%         4
 Lesser Beckoning         Tloc           1%         N/A       16%         3
 Portal Projectile        Hex/Tloc       4%         N/A       16%         3
 Tukima's Dance           Hex            2%         N/A       16%         3
 Cause Fear               Hex            1%         N/A       45%         4
 Leda's Liquefaction      Hex/Erth       1%         N/A       45%         4
 Summon Ice Beast         Ice/Summ       2%         N/A       45%         4
 Alistair's Intoxication  Tmut/Pois      1%         N/A       80%         5
 Invisibility             Hex            2%         N/A       100%        6
 Statue Form              Tmut/Erth      1%         N/A       100%        6
 Malign Gateway           Summ/Tloc      1%         N/A       100%        7
 Ozocubu's Refrigeration  Ice            1%         4d5       100%        7


Dungeon Overview and Level Annotations

Branches:
Dungeon (13/15)            Temple (1/1) D:6            Lair (0/6) D:11
    Orc (1/2) D:11          Sewer (visited)          Bailey (visited)
 Vaults: D:13-14

Altars:
Ashenzari
Cheibriados
Elyvilon
Kikubaaqudgha
Makhleb
Okawaru
Ru
Trog
Vehumet
Wu Jian
Yredelemnul
Beogh

Shops:
D:5 :   D:6 ?   D:9 [   D:10 ?   D:11 !

Portals:
Trove: D:13 (give 17 scrolls of teleportation)
Ice
Cave: Orc:1

Annotations:
D:11 3 runed translucent doors, p0werm0de's ghost, journeyman GrFi


Innate Abilities, Weirdness & Mutations

You can breathe blasts of scalding, opaque steam.
Your pale cyan-grey scales are hard. (AC +8)
You cannot fit into any form of body armour.
You are cold-blooded and may be slowed by cold attacks.
You are immune to the effects of steam.


Message History

An orc comes into view. It is wielding a +0 flail.
The ogre shouts!
An orc sorcerer comes into view.
It is wielding a +0 dagger and wearing a +2 robe of cold resistance.
The orc priest shouts!
You feel yourself speed up.
The ogre is engulfed in a cloud of scalding steam.
The orc sorcerer gestures wildly while chanting.
As you read the scroll labelled FUXIDW MATOJUU, it crumbles to dust.
It is a scroll of amnesia.
Really abort (and waste the scroll)?
Okay, then.
The orc knight shouts!
The orc knight roars a battlecry!
The orcs go into a battle-frenzy!
You feel much better. The sixfirhy misses you. The sixfirhy closely misses you.
You have got your breath back.
The orc warrior completely misses you. The orc hits you with a +0 dagger.
The sixfirhy misses you. The sixfirhy barely misses you.
A rime drake comes into view.
The sixfirhy barely misses you.
The orc warrior no longer looks unusually strong.
The sixfirhy barely misses you.
The rime drake hisses angrily.
You feel very buoyant.
You fly up into the air.
The rime drake breathes ice at you. The flash freeze hits you!
You are encased in ice.
The ice encasing you melts away.
There is a frozen archway here.
The sixfirhy hits you! The sixfirhy shocks you!
* * * LOW HITPOINT WARNING * * *
The rime drake bites you!
* * * LOW HITPOINT WARNING * * *
The sixfirhy hits you!
* * * LOW HITPOINT WARNING * * *
The sixfirhy shocks you!
You die...

##.....##...#oo...... ***
##....#.##...........
**,**#...........#........
*,,,*##...≈o..............
**,,*......#≈..#..........
*,,,,..#..≈#≈##.........$
**,,,,,≈#...≈#.##..#......
**,,,>,,≈#k3...≈####)......
*,,,,,,,≈#@.....# ##.......
**,,**,,≈#####..###o.......
*******≈≈≈≈≈,.##.##.......
**,,,,,##........#..
**,,,,,##.#o..##...
*,,...##....)#....
**,......)<......#
*,......##.)#...#
**.#.#..*....#.##


You could see a sixfirhy (summoned), a rime drake and an orc (strong).

Vanquished Creatures
  A centaur warrior (D:13)
  5 two-headed ogres
  A skeletal warrior (D:12)
  An orc knight (Bailey)
  Pikel (D:7)
  5 deep elf pyromancers
  6 cyclopes
  A deep elf zephyrmancer (D:10)
  4 gargoyles
  A rime drake (Orc:1)
  2 unseen horrors
  2 kobold demonologists (D:12)
  3 komodo dragons
  11 trolls
  5 slime creatures (D:12)
  19 yaks
  2 shadows
  A wraith (D:12)
  A basilisk (D:12)
  2 wyverns
  2 humans (D:11)
  11 vampire mosquitoes
  2 acid dragons
  2 water moccasins
  8 orc warriors
  A black bear (D:7)
  A necrophage (D:4)
  4 ogres
  5 centaurs
  2 phantoms
  4 lemures (D:7)
  2 kobold brigands
  2 bullfrogs
  2 gnoll sergeants
  A scorpion (D:5)
  A water moccasin skeleton (D:4)
  A wyvern skeleton (D:6)
  3 killer bees (D:11)
  9 howler monkeys
  A bullfrog zombie (D:6)
  3 centaur zombies
  A bullfrog skeleton (D:6)
  3 hounds
  A centaur skeleton (D:4)
  14 orc priests
  A scorpion zombie (D:5)
  An iguana (D:7)
  8 orc wizards
  A killer bee zombie (D:4)
  5 adders
  8 gnolls
  8 worms
  79 orcs
  6 endoplasms
  2 giant cockroaches
  12 goblins
  12 hobgoblins
  21 jackals
  5 quokkas
  5 ball pythons
  7 bats
  A frilled lizard (D:3)
  31 kobolds
  6 rats
379 creatures vanquished.

Vanquished Creatures (others)
  970 foxfires
  5 plants (D:11)
975 creatures vanquished.

Grand Total: 1354 creatures vanquished

Notes
Turn   | Place    | Note
-------+----------+-------------------------------------------
     0 | D:1      | Lanoc the Draconian Fire Elementalist began the quest for
                  | the Orb.
     0 | D:1      | Reached XP level 1. HP: 14/14 MP: 3/3
   187 | D:1      | Reached XP level 2. HP: 14/20 MP: 5/5
   832 | D:1      | Reached XP level 3. HP: 26/26 MP: 2/6
  1151 | D:1      | Reached skill level 4 in Fire Magic
  1850 | D:2      | Reached XP level 4. HP: 33/33 MP: 1/7
  2282 | D:3      | Learned a level 4 spell: Sticky Flame
  2301 | D:3      | Found a glowing drain.
  2320 | Sewer    | Entered a sewer
  2498 | Sewer    | Noticed a water moccasin
  2509 | Sewer    | Killed a water moccasin
  2510 | Sewer    | Reached skill level 5 in Fire Magic
  2510 | Sewer    | Reached XP level 5. HP: 32/38 MP: 2/8
  3104 | D:3      | Found a sacrificial altar of Ru.
  3292 | D:3      | Reached XP level 6. HP: 23/45 MP: 0/9
  3700 | D:4      | Reached skill level 6 in Fire Magic
  4734 | D:4      | Your scales start taking on a pale cyan-grey colour.
  4734 | D:4      | Reached skill level 7 in Fire Magic
  4734 | D:4      | Reached XP level 7. HP: 49/50 MP: 2/10
  4734 | D:4      | Gained mutation: You are immune to the effects of steam.
                  | [Pale Draconian growth]
  5129 | D:4      | Found a snail-covered altar of Cheibriados.
  5144 | D:4      | Reached skill level 8 in Fire Magic
  5245 | D:4      | Found a radiant altar of Vehumet.
  5249 | D:4      | Became a worshipper of Vehumet
  5349 | D:5      | Entered Level 5 of the Dungeon
  5669 | D:5      | Noticed a troll
  5689 | D:5      | Killed a troll
  5690 | D:5      | Reached skill level 5 in Dodging
  5690 | D:5      | Reached XP level 8. HP: 57/57 MP: 5/11
  5773 | D:5      | Reached skill level 9 in Fire Magic
  5884 | D:5      | Found Onliali's Book Emporium.
  6030 | D:5      | Found a burning altar of Makhleb.
  6244 | D:6      | Found Faitozeh's Magic Scroll Shoppe.
  6692 | D:6      | Found a staircase to the Ecumenical Temple.
  6701 | Temple   | Entered the Ecumenical Temple
  6925 | D:6      | Bought a scroll of summoning for 123 gold pieces
  6925 | D:6      | Bought a scroll of immolation for 45 gold pieces
  7041 | D:7      | Noticed Pikel
  7090 | D:7      | Killed Pikel
  7091 | D:7      | Reached skill level 10 in Fire Magic
  7154 | D:7      | Found a flagged portal.
  7163 | Bailey   | Entered a bailey
  7269 | Bailey   | Reached * piety under Vehumet
  7269 | Bailey   | Offered knowledge of Freeze by Vehumet.
  7389 | Bailey   | Reached XP level 9. HP: 40/62 MP: 2/12
  7395 | Bailey   | Learned a level 5 spell: Fireball
  7497 | Bailey   | Noticed an orc knight
  7522 | Bailey   | Killed an orc knight
  7523 | Bailey   | Reached skill level 11 in Fire Magic
  7947 | D:7      | Offered knowledge of Magic Dart by Vehumet.
  7948 | D:7      | Reached skill level 5 in Conjurations
  7960 | D:7      | Reached ** piety under Vehumet
  9154 | D:8      | Reached skill level 12 in Fire Magic
  9154 | D:8      | Reached XP level 10. HP: 57/69 MP: 6/13
  9269 | D:8      | Found an ornate altar of the Wu Jian Council.
 10349 | D:9      | Found Kedaonu's Armour Boutique.
 10399 | D:9      | Offered knowledge of Stone Arrow by Vehumet.
 10981 | D:9      | Reached skill level 13 in Fire Magic
 11154 | D:9      | Reached *** piety under Vehumet
 11207 | D:9      | Offered knowledge of Airstrike by Vehumet.
 11406 | D:10     | Entered Level 10 of the Dungeon
 11656 | D:10     | Found Gofedeor's Magic Scroll Emporium.
 11777 | D:10     | Bought a scroll of blinking for 90 gold pieces
 11777 | D:10     | Bought a scroll of fear for 42 gold pieces
 11777 | D:10     | Bought a scroll of blinking for 90 gold pieces
 11777 | D:10     | Bought a scroll of teleportation for 36 gold pieces
 11777 | D:10     | Bought a scroll of magic mapping for 42 gold pieces
 11777 | D:10     | Bought a scroll of identify for 24 gold pieces
 11777 | D:10     | Bought a scroll of teleportation for 36 gold pieces
 11777 | D:10     | Bought a scroll of immolation for 42 gold pieces
 11865 | D:10     | Noticed a moth of wrath
 11868 | D:10     | Found a bloodstained altar of Trog.
 11979 | D:10     | Noticed a two-headed ogre
 11987 | D:10     | Killed a two-headed ogre
 11988 | D:10     | Reached XP level 11. HP: 74/74 MP: 5/14
 12097 | D:10     | Noticed a deep elf zephyrmancer
 12098 | D:10     | Noticed a deep elf zephyrmancer
 12107 | D:10     | Killed a deep elf zephyrmancer
 12221 | D:10     | Identified the Volume of Plaster Cramp
 12237 | D:10     | Identified Sif Muna's Compendium of Axaxaxas mlö
 12244 | D:10     | Identified Lom Lobon's Incunabulum of Sand
 12293 | D:10     | Noticed a deep elf pyromancer
 12332 | D:10     | Killed a deep elf pyromancer
 12538 | D:10     | Reached **** piety under Vehumet
 12682 | D:11     | Offered knowledge of Ignite Poison by Vehumet.
 12697 | D:11     | Reached skill level 14 in Fire Magic
 12941 | D:11     | Noticed a white ugly thing
 12941 | D:11     | Noticed p0werm0de's ghost (journeyman GrFi)
 12945 | D:11     | Found a runed translucent gate.
 12945 | D:11     | Found a runed translucent gate.
 12945 | D:11     | Found a runed translucent gate.
 12945 | D:11     | Noticed a wizard
 12971 | D:11     | Found an iron altar of Okawaru.
 13059 | D:11     | Reached skill level 1 in Fighting
 13655 | D:11     | Noticed a deep elf pyromancer
 15135 | D:12     | Reached skill level 15 in Fire Magic
 15135 | D:12     | Reached XP level 12. HP: 52/91 MP: 13/15
 15373 | D:12     | Noticed a two-headed ogre
 15388 | D:12     | Killed a two-headed ogre
 15551 | D:12     | Noticed a two-headed ogre
 15577 | D:12     | Killed a two-headed ogre
 15586 | D:12     | Reached ***** piety under Vehumet
 15593 | D:12     | Offered knowledge of Lee's Rapid Deconstruction by Vehumet.
 15800 | D:12     | Noticed a two-headed ogre
 15801 | D:12     | Noticed a two-headed ogre
 15813 | D:12     | Killed a two-headed ogre
 15824 | D:12     | Killed a two-headed ogre
 15825 | D:12     | Reached skill level 5 in Fighting
 16357 | D:13     | Reached skill level 10 in Dodging
 16755 | D:13     | Found a portal to a secret trove of treasure.
 16755 | D:13     | Noticed a centaur warrior
 16782 | D:13     | Killed a centaur warrior
 16783 | D:13     | Reached skill level 16 in Fire Magic
 17005 | D:11     | Found Qoffyrul's Distillery.
 17114 | D:11     | Bought a potion of heal wounds for 90 gold pieces
 17114 | D:11     | Bought a potion of haste for 180 gold pieces
 17114 | D:11     | Bought a potion of lignification for 54 gold pieces
 17114 | D:11     | Bought a potion of resistance for 180 gold pieces
 17272 | D:11     | Found a staircase to the Lair.
 17558 | D:11     | Found a staircase to the Orcish Mines.
 18114 | Orc:1    | Entered Level 1 of the Orcish Mines
 18136 | Orc:1    | Found a frozen archway.
 18147 | Orc:1    | Reached skill level 10 in Conjurations
 18205 | Orc:1    | Slain by a sixfirhy

Illustrated notes

Levels and vault maps discovered:
D:1:      dpeg_arrival_chambers_temple_mockup, layout_loops_ring
D:2:      layout_rooms
D:3:      layout_loops_ring, nicolae_overflow_hidden_temple,
          cheibrodos_sewer_entry_sluice
D:4:      layout_loops_corners, marbit_many_paths, cheibrodos_worm_habitat,
          minivault_11
D:5:      layout_cave_pools, lemuel_doored_altar, serial_shops, shop
D:6:      layout_gridville, minmay_temple_entry_ruins, serial_shops,
          nicolae_shop_waterfront, nrook_mini_backslash
D:7:      layout_basic, enter_bailey_2, uniq_pikel
D:8:      layout_basic, lemuel_tele_altar, lightli_orcish_oven
D:9:      layout_roguey [special_room_orc], serial_shops, shop_statue
D:10:     layout_basic, tgw_trog, serial_shops, nicolae_shop_statue_plus,
          hangedman_decor_diamond_cutter, bh_hangedman_babel_library
D:11:     layout_basic, david_lair_shrubbed, david_orc_2, serial_shops, shop,
          gammafunk_ghost_split, okawaru_humans
D:12:     minmay_polygon_palace, layout_basic, minmay_starry_boxes
D:13:     layout_roguey, enter_trove_1, due_unseen_surprise, uniq_rupert,
          uniq_kirke
Temple:   eino_temple_rhombus
Orc:1:    layout_caves, basic_altar, portal_ice_cave_rime,
          gammafunk_ghost_cemetery, elf_legates

Skill      XL: |  1  2  3  4  5  6  7  8  9 10 11 12 |
---------------+-------------------------------------+-----
Dodging        | 2 3 4 5 6 7 8 9 10 | 10.3
Fire Magic     | 4 5 7 8 10 12 13 15 16 | 16.2
Conjurations   | 2 4 5 7 8 10 | 10.0
Fighting       | 3 6 |  6.3
Stealth        | |  1.7
Spellcasting   | |  2.0

Action                   |  1- 3 |  4- 6 |  7- 9 | 10-12 || total
-------------------------+-------+-------+-------+-------++-------
Melee: Unarmed           |    36 |       |       |       ||    36
       Tailslap          |     2 |     4 |     8 |    11 ||    25
       Rapier            |     8 |    28 |       |       ||    36
       Staff             |       |    23 |    35 |    74 ||   132
 Cast: Foxfire           |    91 |   118 |   166 |   201 ||   576
       Sticky Flame      |       |       |    12 |    64 ||    76
       Fireball          |       |       |       |     4 ||     4
 Abil: Breathe Steam     |       |       |    25 |   107 ||   132
Evoke: Condenser vane    |       |       |       |     2 ||     2
  Use: Scroll            |       |     3 |     9 |    10 ||    22
       Potion            |       |       |     2 |     3 ||     5
 Stab: Sleeping          |     1 |     2 |     1 |       ||     4
Armor: Skin              |    37 |    19 |    18 |    23 ||    97
Dodge: Dodged            |    56 |    43 |    63 |   157 ||   319

Table legend: (Time is in decaauts)
 A = Elapsed time spent in this place.
 B = Non-inter-level travel time spent in this place.
 C = Inter-level travel time spent in this place.
 D = Time resting spent in this place.
 E = Time spent auto-exploring this place.
 F = Levels seen in this place.
 G = Mean time per level.
                   A        B        C        D        E       F      G
               +--------+--------+--------+--------+--------+-----+--------+
         Total |  18250 |  17621 |    629 |    215 |  14525 |  17 | 1073.5 |
       Dungeon |  17210 |  16581 |    629 |     53 |  13967 |  13 | 1323.8 |
        Temple |      1 |      1 |      0 |      0 |      0 |   1 |    1.0 |
  Orcish Mines |     83 |     83 |      0 |      0 |      0 |   1 |   83.0 |
         Sewer |    301 |    301 |      0 |      0 |    250 |   1 |  301.0 |
        Bailey |    653 |    653 |      0 |    162 |    308 |   1 |  653.0 |
               +--------+--------+--------+--------+--------+-----+--------+

Top non-repeatable levels by time:
    D:12: 2587 daAuts
    D:11: 2181 daAuts
     D:4: 1671 daAuts
     D:8: 1546 daAuts
     D:1: 1405 daAuts
    D:10: 1194 daAuts
     D:3: 1142 daAuts
     D:7: 1123 daAuts
     D:9: 1070 daAuts
     D:2: 862 daAuts
     D:5: 851 daAuts
     D:6: 821 daAuts
    D:13: 751 daAuts
  Bailey: 653 daAuts
   Sewer: 301 daAuts
